 Dungeon Crawl Stone Soup version 0.21-a0-401-g0b6bec4 (webtiles) character file.

620 Kavrick the Chopper (level 7, -4/55 HPs)
             Began as a Demonspawn Fighter on Oct 22, 2017.
             Slain by an ogre
             ... wielding a +0 giant club
              (21 damage)
             ... on level 5 of the Dungeon.
             The game lasted 00:05:55 (4225 turns).

Kavrick the Chopper (Demonspawn Fighter)            Turns: 4225, Time: 00:05:56

Health: -4/55      AC:  8    Str: 19    XL:     7   Next: 22%
Magic:  7/7        EV:  7    Int:  9    God:
Gold:   265        SH:  9    Dex: 12    Spells: 6/6 levels left

rFire    . . .     SeeInvis .   a - +0 war axe
rCold    . . .     Gourm    .   c - +0 shield
rNeg     . . .     Faith    .   b - +0 scale mail
rPois    .         Spirit   .   (helmet restricted)
rElec    .         Reflect  .   i - +0 cloak
rCorr    .         Harm     .   (no gloves)
MR       .....                  (no boots)
Stlth    ..........             (no amulet)
HPRegen  0.18/turn              (no ring)
MPRegen  0.10/turn              (no ring)

@: no status effects
A: horns 2, rot immunity
a: no special abilities


You were on level 5 of the Dungeon.
You were not hungry.

You visited 1 branch of the dungeon, and saw 5 of its levels.

You collected 265 gold pieces.

Inventory:

Hand Weapons
 a - a +0 war axe (weapon)
 C - a +2 flail of pain
Armour
 b - a +0 scale mail (worn)
 c - a +0 shield (worn)
 i - a +0 cloak (worn)
Jewellery
 u - an uncursed ring of poison resistance {unknown}
 D - an uncursed ring of stealth {unknown}
Wands
 j - a wand of acid (8/15)
Scrolls
 h - 5 scrolls of identify {unknown}
 k - a scroll of immolation {unknown}
 m - a scroll of blinking {unknown}
 p - 5 scrolls of enchant armour {unknown}
 q - a scroll of random uselessness {unknown}
 s - a scroll of magic mapping {unknown}
 t - 2 scrolls of enchant weapon {unknown}
 w - 4 scrolls of remove curse {unknown}
 x - a scroll of recharging {unknown}
 y - a scroll of teleportation {unknown}
Potions
 d - a potion of might
 e - 4 potions of agility {unknown}
 g - a potion of resistance {unknown}
 l - a potion of flight {unknown}
 n - 3 potions of haste {unknown}
 r - 5 potions of curing {unknown}
 z - 4 potions of degeneration {unknown}
 A - a potion of lignification {unknown}
 B - a potion of heal wounds {unknown}
Comestibles
 f - 4 bread rations
 o - 3 meat rations
 v - 3 royal jellies
 E - 3 chunks of flesh


   Skills:
 + Level 4.5 Fighting
 * Level 4.8 Axes
 + Level 4.1 Armour
 + Level 4.1 Shields


You had 6 spell levels left.
You didn't know any spells.

Dungeon Overview and Level Annotations

Branches:
Dungeon (5/15)
 Temple: D:4-7

Altars:
Fedhas


Innate Abilities, Weirdness & Mutations

You have a pair of horns on your head.
You are immune to rotting.


Message History

No target in view!
No target in view!
Things that are here:
a ring mail; an orc corpse You butcher the orc corpse.
E - 3 chunks of flesh You see here a ring mail. x2
t - 2 scrolls labeled ZARRIE VUVVEB (gained 1)
An ogre comes into view. It is wielding a giant club.
An ogre is nearby!
You closely miss the ogre. The ogre hits you with a giant club!!
You slash the ogre! You headbutt the ogre!
The ogre is severely wounded.
The ogre hits you with a giant club!
You are too injured to fight recklessly!
Your shield prevents you from hitting the ogre.
Your headbutt misses the ogre.
The ogre is severely wounded.
The ogre hits you with a giant club!!
You die...

......##... ..........#
..........# ..........#
.......... ......... .......O#
..#########@#
.........##.###.# #########
................# #........
##########.##.########........
..........[...................
##########.##.########........
#.##.# #....>... #.##.#
#####........
#############.##.#
#............


You could see an ogre.

Vanquished Creatures
  Edmund (D:4)
  An orc warrior (D:3)
  A bullfrog zombie (D:5)
  A hound (D:4)
  3 orc wizards
  4 worker ants
  A howler monkey skeleton (D:4)
  6 adders
  2 worms
  3 dart slugs
  4 leopard geckos
  11 orcs
  3 bats
  4 giant cockroaches
  6 goblins
  5 hobgoblins
  7 jackals
  3 kobolds
  4 quokkas
  A ball python (D:3)
  A ball python skeleton (D:4)
  10 frilled lizards
  A quokka skeleton (D:5)
  6 rats
89 creatures vanquished.

Notes
Turn   | Place    | Note
-------+----------+-------------------------------------------
     0 | D:1      | Kavrick the Demonspawn Fighter began the quest for the Orb.
     0 | D:1      | Reached XP level 1. HP: 18/18 MP: 1/1
   138 | D:1      | Gained mutation: You have a pair of small horns on your head. [demonic ancestry]
   138 | D:1      | Reached XP level 2. HP: 17/24 MP: 2/2
  1043 | D:2      | Gained mutation: You have a pair of horns on your head. [demonic ancestry]
  1043 | D:2      | Reached XP level 3. HP: 29/29 MP: 3/3
  1651 | D:3      | Gained mutation: You are immune to rotting. [demonic ancestry]
  1651 | D:3      | Reached XP level 4. HP: 28/35 MP: 4/4
  2193 | D:4      | Noticed an orc warrior
  2233 | D:4      | Reached XP level 5. HP: 30/42 MP: 5/5
  2869 | D:3      | Killed an orc warrior
  2869 | D:3      | Reached XP level 6. HP: 14/48 MP: 6/6
  3209 | D:4      | Noticed Edmund
  3228 | D:4      | Killed Edmund
  3629 | D:4      | Reached XP level 7. HP: 51/55 MP: 7/7
  3749 | D:5      | Entered Level 5 of the Dungeon
  4120 | D:5      | Found a blossoming altar of Fedhas.
  4225 | D:5      | Slain by an ogre

Vault maps used:
D:1:      minmay_arrival_up_and_down
D:3:      first_bread, nicolae_underground_beach
D:4:      gup_sewer_entry_bowl, kennysheep_generic_room_10, uniq_edmund
D:5:      fedhas_altar_3

Skill      XL: |  1  2  3  4  5  6 |
---------------+-------------------+-----
Axes           | 2 3 4 |  4.8
Armour         | 3 4 |  4.1
Shields        | 3 4 |  4.1
Fighting       | 4 |  4.5

Action                   |  1- 3 |  4- 6 |  7- 9 || total
-------------------------+-------+-------+-------++-------
Melee: War axe           |   107 |   154 |    44 ||   305
       Headbutt          |    13 |    31 |     8 ||    52
  Use: Potion            |       |     1 |       ||     1
  Eat: Chunk             |     2 |     7 |     2 ||    11
Armor: Scale mail        |    47 |    54 |    18 ||   119
Dodge: Dodged            |    36 |    49 |     7 ||    92
Block: Shield            |    61 |    88 |    22 ||   171

Table legend:
 A = Spawn XP
 B = Non-spawn XP
 C = Spawn XP percentage of total XP
 D = Spawn monster count
 E = Non-spawn monster count
 F = Spawn count percentage of total count
 G = Total turns spent on level
                    A         B        C        D         E        F      G
               +---------+---------+-------+---------+---------+-------+---------
         Total |       0 |     887 |   0.0 |       0 |      89 |   0.0 |  4225
               +---------+---------+-------+---------+---------+-------+---------
           D:1 |       0 |      21 |   0.0 |       0 |      12 |   0.0 |   715
           D:2 |       0 |      51 |   0.0 |       0 |      21 |   0.0 |   800
           D:3 |       0 |     244 |   0.0 |       0 |      22 |   0.0 |  1142
           D:4 |       0 |     418 |   0.0 |       0 |      21 |   0.0 |  1092
           D:5 |       0 |     153 |   0.0 |       0 |      13 |   0.0 |   476
               +---------+---------+-------+---------+---------+-------+---------
